 Dungeon Crawl Stone Soup version 0.30.0-29-ga12c61a403 (webtiles) character file.

Game seed: 950574957020351886

1134 seaoflcl the Covered (level 8, -2/61 HPs)
             Began as a Human Fighter on June 4, 2023.
             Was a Follower of the Shining One.
             Slain by Edmund
             ... wielding a +1 flail of protection
              (8 damage)
             ... on level 6 of the Dungeon.
             The game lasted 00:09:58 (4188 turns).

seaoflcl the Covered (Human Fighter)                Turns: 4188, Time: 00:09:58

Health: -2/61      AC:  8    Str: 18    XL:     8   Next: 63%
Magic:  8/8        EV: 10    Int:  9    God:    the Shining One [*.....]
Gold:   217        SH:  5    Dex: 13    Spells: 7/7 levels left

rFire   . . .        E - +8 dagger "Iliyt" {heavy, rC++}
rCold   + + .        c - +0 buckler
rNeg    + . .        b - +0 scale mail
rPois   .            (no helmet)
rElec   .            (no cloak)
rCorr   .            G - +0 pair of gloves
SInv    +            (no boots)
Will    .....        B - amulet of the acrobat Stlth
                     g - ring of see invisible
HPRegen 0.30/turn    p - ring of positive energy
MPRegen 0.11/turn

%: acrobat
@: mighty, glowing
A: no striking features
a: Renounce Religion, Divine Shield


You were on level 6 of the Dungeon.
You worshipped the Shining One.
The Shining One was aware of your devotion.
You visited 2 branches of the dungeon, and saw 7 of its levels.

You collected 217 gold pieces.

Inventory:

Hand Weapons
 a - a +0 long sword
 n - a +2 hand axe of venom
 u - a +2 short sword of draining
 E - the +8 dagger "Iliyt" (weapon) {heavy, rC++}
   (You found it on level 5 of the Dungeon)

   rC:        It greatly protects you from cold.
 I - the +5 spear "Orb Guardian's Curse" {drain, rC+ Will- Int+3 SInv}
   (You found it on level 6 of the Dungeon)

   Int:       It affects your intelligence (+3).
   rC:        It protects you from cold.
   SInv:      It lets you see invisible.
   Will:      It decreases your willpower.
   The Shining One disapproves of the use of such an item.
Missiles
 e - 58 stones (quivered)
Armour
 b - a +0 scale mail (worn)
 c - a +0 buckler (worn)
 G - a +0 pair of gloves (worn)
Jewellery
 g - a ring of see invisible (left hand)
 p - a ring of positive energy (right hand)
 B - an amulet of the acrobat (around neck)
Wands
 r - a wand of light (25)
Scrolls
 h - 2 scrolls of poison
 j - a scroll of identify
 k - a scroll of amnesia {unknown}
 o - 3 scrolls of vulnerability
 s - 2 scrolls of enchant armour {unknown}
 w - a scroll of blinking {unknown}
 x - 4 scrolls of teleportation
 y - 3 scrolls of enchant weapon {unknown}
 A - 2 scrolls of fog
 F - a scroll of magic mapping {unknown}
 H - a scroll of noise {unknown}
Potions
 f - a potion of attraction
 i - a potion of haste {unknown}
 m - a potion of lignification
 q - a potion of ambrosia {unknown}
 t - a potion of magic {unknown}
 v - a potion of degeneration {unknown}
 z - a potion of brilliance {unknown}
 C - a potion of berserk rage {unknown}


   Skills:
 + Level 4.7 Fighting
 * Level 2.2(3.6) Short Blades
 - Level 4.5(4.8) Long Blades
 - Level 2.6 Axes
 + Level 6.1 Armour
 + Level 2.3 Dodging
 + Level 4.2 Shields


You had 7 spell levels left.
You didn't know any spells.
Your spell library contained the following spells:

 Spells                   Type           Power      Damage    Failure   Level
 Static Discharge         Conj/Air       0%         2-2/arc   92%         2
 Ozocubu's Armour         Ice            0%         N/A       99%         3
 Stone Arrow              Conj/Erth      0%         3d7       99%         3
 Airstrike                Air            0%         2d(0-16)  100%        4
 Animate Armour           Summ/Erth      0%         N/A       100%        4
 Summon Lightning Spire   Summ/Air       0%         N/A       100%        4
 Ozocubu's Refrigeration  Ice            0%         4d7       100%        7
 Lehudib's Crystal Spear  Conj/Erth      0%         10d2      100%        8


Dungeon Overview and Level Annotations

Branches:
Dungeon (6/15)             Temple (1/1) D:4

Altars:
Dithmenos
Fedhas
Gozag
Hepliaklqana
Kikubaaqudgha
Makhleb
Nemelex Xobeh
Okawaru
Sif Muna
Trog
Uskayaw
Vehumet
Xom
Yredelemnul
The Shining One

Annotations:
D:6 Edmund


Message History

The grasping roots constrict you.
* * * LOW HITPOINT WARNING * * *
You barely miss Edmund.
Edmund is moderately wounded.
You block Edmund's attack. The grasping roots constrict you.
* * * LOW HITPOINT WARNING * * *
You feel much better.
Edmund hits you with a +1 flail of protection.
The grasping roots constrict you.
* * * LOW HITPOINT WARNING * * *
The grasping roots release their grip on you.
You hit Edmund.
Edmund is moderately wounded.
Edmund hits you with a +1 flail of protection.
* * * LOW HITPOINT WARNING * * *
You hit Edmund.
Edmund is moderately wounded.
Edmund zaps a wand.
The roots erupt in riotous growth!
The grasping roots grab you!
Edmund is unaffected.
The now-empty wand crumbles to dust.
The grasping roots constrict you.
* * * LOW HITPOINT WARNING * * *
Edmund closely misses you. The grasping roots constrict you.
* * * LOW HITPOINT WARNING * * *
Okay, then.
You hit Edmund.
Edmund is heavily wounded.
You block Edmund's attack. The grasping roots constrict you.
* * * LOW HITPOINT WARNING * * *
You feel better.
A shadow comes into view.
Edmund completely misses you. The grasping roots constrict you.
* * * LOW HITPOINT WARNING * * *
The grasping roots release their grip on you.
You feel mightier all of a sudden. You block Edmund's attack.
You barely miss Edmund.
Edmund is heavily wounded.
Edmund hits you with a +1 flail of protection!
You die...

.........:.!...
...............
....)..........
...............
...............
.S...........S.
.......h#
..#####@## #@.#
##W#
...######.######
.................
...#####......###
#......# #......#
#......###########
#................#


You could see Edmund, a black bear and a shadow.

Vanquished Creatures
  Prince Ribbit (D:5)
  Sigmund (D:4)
  An ogre (D:5)
  A bullfrog (D:6)
  2 scorpions (D:6)
  A howler monkey (D:5)
  2 hounds (D:5)
  2 jellies
  A sleepcap (D:6)
  3 iguanas
  3 orc wizards
  8 adders
  2 white imps
  2 ufetubi
  A worm (D:3)
  7 dart slugs
  9 orcs
  A ball python (D:3)
  3 endoplasms
  5 giant cockroaches
  4 goblins
  A hobgoblin (D:1)
  4 quokkas
  4 bats
  2 frilled lizards (D:2)
  3 kobolds
  3 rats
77 creatures vanquished.

Vanquished Creatures (others)
  An orc wizard (D:3)
1 creature vanquished.

Grand Total: 78 creatures vanquished

Notes
Turn   | Place    | Note
-------+----------+-------------------------------------------
     0 | D:1      | seaoflcl the Human Fighter began the quest for the Orb.
     0 | D:1      | Reached XP level 1. HP: 18/18 MP: 1/1
   316 | D:1      | Reached XP level 2. HP: 22/24 MP: 2/2
   766 | D:2      | Reached XP level 3. HP: 6/29 MP: 3/3
  1197 | D:3      | Found a faded altar of an unknown god.
  1249 | D:3      | Reached XP level 4. HP: 35/35 MP: 4/4
  1595 | D:3      | Reached XP level 5. HP: 41/41 MP: 5/5
  1990 | D:4      | Noticed Sigmund
  1999 | D:4      | Killed Sigmund
  2000 | D:4      | Reached skill level 4 in Armour
  2000 | D:4      | Reached skill level 1 in Dodging
  2000 | D:4      | Reached XP level 6. HP: 38/48 MP: 6/6
  2106 | D:4      | Found a staircase to the Ecumenical Temple.
  2151 | Temple   | Entered the Ecumenical Temple
  2156 | Temple   | Became a worshipper of the Shining One
  2566 | D:5      | Entered Level 5 of the Dungeon
  2579 | D:5      | Reached skill level 1 in Axes
  2722 | D:5      | Reached XP level 7. HP: 54/54 MP: 7/7
  2900 | D:5      | Reached skill level 5 in Armour
  3029 | D:5      | Noticed Prince Ribbit
  3044 | D:5      | Killed Prince Ribbit
  3045 | D:5      | Reached XP level 8. HP: 34/61 MP: 8/8
  3432 | D:5      | Identified the +8 dagger "Iliyt" {heavy, rC++}
  4006 | D:6      | Identified the +5 spear "Orb Guardian's Curse" {drain, rC+
                  | Will- Int+3 SInv}
  4014 | D:6      | Reached skill level 1 in Short Blades
  4144 | D:6      | Reached * piety under the Shining One
  4151 | D:6      | Noticed Edmund
  4163 | D:6      | Reached skill level 6 in Armour
  4184 | D:6      | HP: 3/61 [constriction (4)]
  4185 | D:6      | HP: 1/61 [constriction (3)]
  4186 | D:6      | Noticed a shadow
  4188 | D:6      | Slain by Edmund

Illustrated notes

Levels and vault maps discovered:
D:1:      minmay_arrival_plants_in_alcoves, layout_loops_ring
D:2:      layout_rooms, minmay_tiny_reverse_x
D:3:      layout_basic, shapermc_ecumenical_altar_mp_ritualfount, serial_glass,
          glass_columns_c, glass_columns_a, glass_columns_b, glass_columns_b,
          glass_columns_a, glass_columns_a, glass_columns_a, glass_columns_a
D:4:      layout_basic, minmay_temple_entry_ruins, uniq_sigmund
D:5:      nicolae_cairo_tiling, layout_basic, uniq_prince_ribbit1
D:6:      layout_rooms, uniq_crazy_yiuf_cottage, uniq_edmund
Temple:   minmay_freezing_vapour_temple

Skill      XL: |  1  2  3  4  5  6  7  8 |
---------------+-------------------------+-----
Long Blades    | 3 4 |  4.5
Armour         | 4 5 6 |  6.1
Dodging        | 1 2 |  2.3
Axes           | 1 2 |  2.6
Fighting       | 4 |  4.7
Shields        | 4 |  4.2
Short Blades   | 2 |  2.2

Action                     |  1- 3 |  4- 6 |  7- 9 || total
---------------------------+-------+-------+-------++-------
  Melee: Long sword        |    30 |       |       ||    30
         Hand axe          |    36 |    23 |    61 ||   120
         Short sword       |     7 |    80 |       ||    87
         Dagger            |       |       |    54 ||    54
    Use: Potion            |       |       |     9 ||     9
         Scroll            |       |       |     4 ||     4
 Armour: Scale mail        |    39 |    47 |    35 ||   121
         Skin              |       |       |     2 ||     2
  Dodge: Dodged            |    26 |    50 |    54 ||   130
  Block: Buckler           |    14 |    19 |    21 ||    54
